[Event "Chinese Chess League Men 2019"]
[Site "Daqing"]
[Date "2019.06.19"]
[Round "1.3"]
[White "Wen, Yang"]
[Black "Wu, Xibin"]
[Result "1-0"]
[ECO "C54"]
[WhiteElo "2588"]
[BlackElo "2203"]
[Annotator "RC"]
[PlyCount "83"]
[EventDate "2019.06.19"]
[EventType "team-tourn"]
[EventCountry "CHN"]
[SourceTitle "playchess.com"]
[Source "ChessBase"]
[SourceQuality "1"]
[TimeControl "5400+30"]

1. e4 e5 2. Nf3 Nc6 3. Bc4 Bc5 4. c3 Nf6 5. d3 d6 6. O-O O-O 7. Re1 a6 8. a4 Ba7 9. h3 Be6 10. Nbd2 Qd7 11. b4 Bxc4 12. Nxc4 b5 13. Na3 h6 14. Bb2 Rab8 15. axb5 axb5 16. Nc2 Bb6 17. Na3 Rfe8 18. Qd2 Ne7 19. c4 bxc4 20. Nxc4 Nc6 21. Bc3 Bd4 22. Bxd4 exd4 23. Reb1 d5 24. exd5 Qxd5 25. Na3 Ne5 26. Nxe5 Rxe5 27. Nc4 Re6 28. Ra5 Qd7 29. Qf4 Qe7 30. b5 Rd8 31. Rba1 Kh7 32. Ra6 Rd5 33. Ra7 Rxb5 34. Rxc7 Nh5 35. Qxf7 Qxf7 36. Rxf7 Rb3 37. Rf3 g5 38. Nd2 Rb2 39. Ne4 Nf4 40. h4 Nxd3 41. Ra7+ Kg6 42. h5+ 1-0

[Event "Chinese Chess League Men 2019"]
[Site "Daqing"]
[Date "2019.06.19"]
[Round "1.4"]
[White "Qu, Yanqiao"]
[Black "Huang, Renjie"]
[Result "0-1"]
[ECO "D30"]
[WhiteElo "2140"]
[BlackElo "2327"]
[Annotator "NA"]
[PlyCount "62"]
[EventDate "2019.06.19"]
[EventType "team-tourn"]
[EventCountry "CHN"]
[SourceTitle "playchess.com"]
[Source "ChessBase"]
[SourceQuality "1"]
[TimeControl "5400+30"]

1. Nf3 d5 2. d4 Nf6 3. c4 c6 4. e3 e6 5. Nbd2 Bd6 6. b3 Nbd7 7. Bb2 b6 8. Bd3 Bb7 9. O-O O-O 10. Ne5 c5 11. Qc2 cxd4 12. exd4 Rc8 13. Rad1 h6 14. Rfe1 Qe7 15. f4 Bb4 16. f5 Nxe5 17. Rxe5 Bd6 18. Re2 Qc7 19. h3 Nh5 20. Nf1 Nf4 21. Ree1 dxc4 22. Be4 exf5 23. Bxb7 Qxb7 24. d5 c3 25. Bc1 g6 26. Bxf4 Bxf4 27. Rd3 Rfd8 28. g3 Bd6 29. Red1 Be5 30. Ne3 Bxg3 31. Nxf5 Bf4 0-1

[Event "Chinese Chess League Men 2019"]
[Site "Daqing"]
[Date "2019.06.19"]
[Round "1.8"]
[White "Yuan, Qingyu"]
[Black "Mi, Tenglong"]
[Result "1-0"]
[ECO "D90"]
[WhiteElo "2355"]
[BlackElo "1692"]
[Annotator "NA"]
[PlyCount "81"]
[EventDate "2019.06.19"]
[EventType "team-tourn"]
[EventCountry "CHN"]
[SourceTitle "playchess.com"]
[Source "ChessBase"]
[SourceQuality "1"]
[TimeControl "5400+30"]

1. Nf3 Nf6 2. c4 g6 3. Nc3 d5 4. cxd5 Nxd5 5. Qb3 Nb6 6. d4 Bg7 7. Bf4 Be6 8. Qc2 Nc6 9. Rd1 Nb4 10. Qb1 N6d5 11. Bd2 c5 12. e4 Nf6 13. dxc5 Qc8 14. a3 Nc6 15. b4 O-O 16. Be2 Bg4 17. Be3 Bxf3 18. Bxf3 Ng4 19. Qc1 Nxe3 20. Qxe3 Rd8 21. O-O Bxc3 22. Qxc3 e5 23. Rd5 Qe6 24. h3 Nd4 25. Bg4 f5 26. Rxd8+ Rxd8 27. exf5 gxf5 28. Bd1 Kh8 29. Re1 Qf6 30. Qe3 Re8 31. Ba4 Re7 32. f4 e4 33. Rd1 Ne6 34. Bb3 h6 35. Rd6 Kh7 36. Kh2 Qg6 37. Bxe6 Rxe6 38. Rd7+ Kg8 39. Rxb7 Re8 40. b5 Rd8 41. c6 1-0

[Event "Chinese Chess League Men 2019"]
[Site "Daqing"]
[Date "2019.06.20"]
[Round "2.3"]
[White "Zou, Chen"]
[Black "Liu, Qingnan"]
[Result "0-1"]
[ECO "B06"]
[WhiteElo "2415"]
[BlackElo "2551"]
[Annotator "ChessBase"]
[PlyCount "138"]
[EventDate "2019.06.19"]
[EventType "team-tourn"]
[EventCountry "CHN"]
[SourceTitle "playchess.com"]
[Source "ChessBase"]
[SourceQuality "1"]
[TimeControl "5400+30"]

1. d4 g6 2. e4 Bg7 3. Nf3 d6 4. Bc4 a6 5. O-O e6 6. Re1 Nd7 7. Nbd2 b5 8. Bd3 c5 9. c3 Bb7 10. a4 c4 11. Bc2 Ngf6 12. Nf1 O-O 13. Ng3 Qc7 14. Bg5 e5 15. Qd2 Rfe8 16. Bh6 Bh8 17. h3 d5 18. axb5 axb5 19. Rxa8 Bxa8 20. Nxe5 Nxe5 21. Bf4 Nfd7 22. dxe5 Nxe5 23. exd5 Qd6 24. Rd1 f5 25. Qe3 Bf6 26. Bg5 Nf3+ 27. Qxf3 Bxg5 28. Nxf5 gxf5 29. Qxf5 Qg6 30. Qd7 Qf7 31. Qg4 Qf4 32. Qh5 Re7 33. d6 Rf7 34. Qe2 Bh4 35. Rf1 Qxd6 36. Qg4+ Rg7 37. Bxh7+ Kh8 38. Bg6 Be7 39. Qh5+ Kg8 40. Qxb5 Qc6 41. Qxc6 Bxc6 42. Re1 Rxg6 43. Rxe7 Bxg2 44. h4 Bf3+ 45. Kh2 Bd5 46. Kh3 Rf6 47. Re5 Be6+ 48. Kg3 Kf7 49. Rc5 Rf5 50. Rc7+ Kf6 51. Rb7 Bd5 52. Rb5 Bf7 53. Rb6+ Ke5 54. f3 Bd5 55. Rb5 Rxf3+ 56. Kg4 Rf4+ 57. Kg3 Rf3+ 58. Kg4 Rd3 59. b3 Rxc3 60. bxc4 Rxc4+ 61. Kg5 Rc1 62. Kh5 Rg1 63. Ra5 Ke4 64. Ra4+ Kf5 65. Ra5 Rd1 66. Rb5 Rd4 67. Ra5 Kf6 68. Ra6+ Be6 69. Rb6 Rd8 0-1

[Event "Chinese Chess League Men 2019"]
[Site "Daqing"]
[Date "2019.06.20"]
[Round "2.4"]
[White "Huang, Renjie"]
[Black "Lin, Yi"]
[Result "1/2-1/2"]
[ECO "C01"]
[WhiteElo "2327"]
[BlackElo "2396"]
[Annotator "NA"]
[PlyCount "61"]
[EventDate "2019.06.19"]
[EventType "team-tourn"]
[EventCountry "CHN"]
[SourceTitle "playchess.com"]
[Source "ChessBase"]
[SourceQuality "1"]
[TimeControl "5400+30"]

1. e4 e5 2. Nf3 Nf6 3. Nxe5 d6 4. Nf3 Nxe4 5. d3 Nf6 6. d4 d5 7. Bd3 Bd6 8. Qe2+ Qe7 9. Qxe7+ Bxe7 10. Bf4 c6 11. O-O O-O 12. Re1 Re8 13. c4 dxc4 14. Bxc4 Nd5 15. Bd6 Be6 16. Bxe7 Rxe7 17. Nc3 Nxc3 18. bxc3 Nd7 19. Ng5 Nf8 20. Nxe6 Nxe6 21. Rab1 Rae8 22. Bxe6 Rxe6 23. Rxe6 Rxe6 24. Kf1 b6 25. a4 g6 26. a5 b5 27. d5 Re5 28. dxc6 Rc5 29. Rd1 Rxc6 30. Rd5 Rxc3 31. Rxb5 1/2-1/2

[Event "Chinese Chess League Men 2019"]
[Site "Daqing"]
[Date "2019.06.20"]
[Round "2.7"]
[White "Xiu, Deshun"]
[Black "Lou, Yiping"]
[Result "0-1"]
[ECO "E21"]
[WhiteElo "2538"]
[BlackElo "2482"]
[Annotator "ChessBase"]
[PlyCount "118"]
[EventDate "2019.06.19"]
[EventType "team-tourn"]
[EventCountry "CHN"]
[SourceTitle "playchess.com"]
[Source "ChessBase"]
[SourceQuality "1"]
[TimeControl "5400+30"]

1. d4 Nf6 2. c4 e6 3. Nc3 Bb4 4. Nf3 O-O 5. Bg5 c5 6. Rc1 h6 7. Bh4 cxd4 8. Nxd4 b6 9. Ndb5 Nc6 10. e3 a6 11. Nd6 Qe7 12. Bg3 Ne8 13. Nxe8 Rxe8 14. a3 Bxc3+ 15. Rxc3 e5 16. Be2 d6 17. Bf3 Bb7 18. O-O Rac8 19. Bd5 Nd8 20. Qb3 Qc7 21. Rd1 Ne6 22. Qc2 Bc6 23. f4 exf4 24. exf4 Nc5 25. f5 Ne4 26. Bxe4 Bxe4 27. Qf2 Qc5 28. Rxd6 Bxf5 29. Qxc5 bxc5 30. Kf2 a5 31. a4 Be4 32. Bf4 Kh7 33. h4 f6 34. g3 g5 35. Rd7+ Kg6 36. Be3 Re5 37. hxg5 hxg5 38. g4 Rh8 39. Kg3 Rh4 40. Rd6 Bb7 41. Rb3 Bc8 42. Kf2 Rxg4 43. Rb8 Be6 44. Bd2 Rxc4 45. Bc3 Rf4+ 46. Kg1 Ree4 47. Rbb6 Kf5 48. Rbc6 c4 49. Rc5+ Kg4 50. Rcc6 Bf5 51. Bd2 Rf3 52. Rxf6 Rg3+ 53. Kf2 Rf3+ 54. Kg1 Re2 55. Bxa5 Rg3+ 56. Kf1 Bd3 57. Bb6 Rxb2+ 58. Ke1 Rgg2 59. Bf2 Re2+ 0-1

[Event "Chinese Chess League Men 2019"]
[Site "Daqing"]
[Date "2019.06.20"]
[Round "2.8"]
[White "Wang, Zideng"]
[Black "Yuan, Qingyu"]
[Result "0-1"]
[ECO "E01"]
[WhiteElo "2015"]
[BlackElo "2355"]
[Annotator "NA"]
[PlyCount "87"]
[EventDate "2019.06.19"]
[EventType "team-tourn"]
[EventCountry "CHN"]
[SourceTitle "playchess.com"]
[Source "ChessBase"]
[SourceQuality "1"]
[TimeControl "5400+30"]

1. d4 Nf6 2. c4 e6 3. g3 d5 4. Nf3 Bb4+ 5. Bd2 Bd6 6. Bg2 c6 7. Qc2 Nbd7 8. O-O O-O 9. Bg5 h6 10. Bxf6 Nxf6 11. Nbd2 b6 12. e4 Be7 13. e5 Nd7 14. cxd5 cxd5 15. Rfc1 Nb8 16. Bf1 Bd7 17. a3 a6 18. Qc7 Qxc7 19. Rxc7 Rc8 20. Rac1 Rxc7 21. Rxc7 Kf8 22. Bd3 Ke8 23. Rc1 a5 24. Kf1 a4 25. Nb1 Kd8 26. Nc3 Ra5 27. Ke2 Nc6 28. Ke3 f6 29. exf6 gxf6 30. Bb5 Na7 31. Bd3 Nc8 32. Na2 Bd6 33. Nh4 e5 34. Bf5 exd4+ 35. Kd3 Rb5 36. Bxd7 Kxd7 37. Rc2 Rb3+ 38. Kxd4 Ne7 39. f4 Bc5+ 40. Rxc5 bxc5+ 41. Kxc5 Rxb2 42. Nc3 Rxh2 43. Nxa4 Rc2+ 44. Kd4 0-1

[Event "Chinese Chess League Men 2019"]
[Site "Daqing"]
[Date "2019.06.20"]
[Round "2.10"]
[White "Lin, Chen"]
[Black "Xu, Minghui"]
[Result "1/2-1/2"]
[ECO "C85"]
[WhiteElo "2497"]
[BlackElo "2368"]
[Annotator "ChessBase"]
[PlyCount "60"]
[EventDate "2019.06.19"]
[EventType "team-tourn"]
[EventCountry "CHN"]
[SourceTitle "playchess.com"]
[Source "ChessBase"]
[SourceQuality "1"]
[TimeControl "5400+30"]

1. e4 e5 2. Nf3 Nc6 3. Bb5 a6 4. Ba4 Nf6 5. O-O Be7 6. Bxc6 dxc6 7. Qe1 c5 8. Nxe5 Qd4 9. Nf3 Qxe4 10. Qxe4 Nxe4 11. Re1 Nf6 12. b3 Bg4 13. Ba3 Nd7 14. Nc3 Bxf3 15. gxf3 Kd8 16. d4 Bf6 17. Nd5 Bxd4 18. Rad1 a5 19. c3 Bf6 20. Bxc5 Kc8 21. Be3 Ne5 22. Kg2 Ng6 23. f4 Ra6 24. Kh3 Ne7 25. c4 Rd8 26. Nxe7+ Bxe7 27. Rxd8+ Kxd8 28. Rd1+ Rd6 29. Rxd6+ Bxd6 30. Kg4 Kd7 1/2-1/2

[Event "Chinese Chess League Men 2019"]
[Site "Daqing"]
[Date "2019.06.20"]
[Round "2.11"]
[White "Lan, Zilun"]
[Black "Yu, Ruiyuan"]
[Result "1-0"]
[ECO "E17"]
[WhiteElo "2352"]
[BlackElo "2471"]
[Annotator "ChessBase"]
[PlyCount "22"]
[EventDate "2019.06.19"]
[EventType "team-tourn"]
[EventCountry "CHN"]
[SourceTitle "playchess.com"]
[Source "ChessBase"]
[SourceQuality "1"]
[TimeControl "5400+30"]

1. d4 Nf6 2. c4 e6 3. Nf3 b6 4. g3 Bb7 5. Bg2 Be7 6. Nc3 O-O 7. Qc2 c5 8. O-O cxd4 9. Nxd4 Bxg2 10. Kxg2 Qc8 11. b3 Nc6 1-0

[Event "Chinese Chess League Men 2019"]
[Site "Daqing"]
[Date "2019.06.20"]
[Round "2.12"]
[White "Chen, Qi b"]
[Black "Yu, Lie"]
[Result "0-1"]
[ECO "B09"]
[WhiteElo "2453"]
[BlackElo "2315"]
[Annotator "ChessBase"]
[PlyCount "58"]
[EventDate "2019.06.19"]
[EventType "team-tourn"]
[EventCountry "CHN"]
[SourceTitle "playchess.com"]
[Source "ChessBase"]
[SourceQuality "1"]
[TimeControl "5400+30"]

1. e4 d6 2. d4 g6 3. Nc3 Bg7 4. f4 Nf6 5. Nf3 O-O 6. a3 b6 7. e5 dxe5 8. dxe5 Qxd1+ 9. Nxd1 Ne4 10. Be3 Bb7 11. Nf2 Nd7 12. Bc4 Ndc5 13. Nd3 Rad8 14. Ke2 e6 15. Rhd1 Rfe8 16. g4 Bf8 17. Nd4 b5 18. Rab1 a6 19. Ba2 Na4 20. Nb3 Bd5 21. Ke1 c5 22. Nbc1 c4 23. Nf2 Nxf2 24. Kxf2 Be4 25. Rxd8 Rxd8 26. Ne2 Bxc2 27. Rc1 Nxb2 28. Rxc2 Nd1+ 29. Kf3 Rd3 0-1

[Event "Chinese Chess League Men 2019"]
[Site "Daqing"]
[Date "2019.06.21"]
[Round "3.7"]
[White "Xu, Jun"]
[Black "Liu, Guanchu"]
[Result "1/2-1/2"]
[ECO "E15"]
[WhiteElo "2481"]
[BlackElo "2462"]
[Annotator "ChessBase"]
[PlyCount "62"]
[EventDate "2019.06.19"]
[EventType "team-tourn"]
[EventCountry "CHN"]
[SourceTitle "playchess.com"]
[Source "ChessBase"]
[SourceQuality "1"]
[TimeControl "5400+30"]

1. d4 Nf6 2. c4 e6 3. Nf3 b6 4. g3 Ba6 5. Qa4 Bb7 6. Bg2 c5 7. dxc5 bxc5 8. O-O Be7 9. Nc3 O-O 10. Rd1 Qb6 11. Bf4 d6 12. Rab1 Nbd7 13. b4 Rfb8 14. a3 a6 15. Qc2 Qc7 16. b5 Nb6 17. bxa6 Bxa6 18. Nd2 Ra7 19. Qd3 Nh5 20. Be3 d5 21. Bf3 Nf6 22. Nb5 Bxb5 23. Rxb5 dxc4 24. Nxc4 Nxc4 25. Qxc4 Rxa3 26. Bf4 e5 27. Bg5 Rxb5 28. Qxb5 Ra5 29. Qc4 Ra7 30. Bxf6 Bxf6 31. Bd5 g6 1/2-1/2

[Event "Chinese Chess League Men 2019"]
[Site "Daqing"]
[Date "2019.06.21"]
[Round "3.8"]
[White "Zhao, Yuanhe"]
[Black "Yu, Ruiyuan"]
[Result "1-0"]
[ECO "D10"]
[WhiteElo "2444"]
[BlackElo "2471"]
[Annotator "ChessBase"]
[PlyCount "63"]
[EventDate "2019.06.19"]
[EventType "team-tourn"]
[EventCountry "CHN"]
[SourceTitle "playchess.com"]
[Source "ChessBase"]
[SourceQuality "1"]
[TimeControl "5400+30"]

1. d4 d5 2. c4 c6 3. Nc3 Nf6 4. cxd5 cxd5 5. Bf4 Nc6 6. Rc1 Qb6 7. e3 Bf5 8. Be2 e6 9. Na4 Qa5+ 10. Kf1 g5 11. Bxg5 Ne4 12. Nf3 Bg4 13. Bf4 Rg8 14. Kg1 Rc8 15. h3 Bh5 16. a3 Qd8 17. Nc3 a6 18. Nd2 Bxe2 19. Qxe2 Nxd2 20. Qxd2 Na5 21. Qd3 Rg6 22. Kh2 Nc4 23. Rc2 f6 24. Rhc1 Rc6 25. Ne2 Qb6 26. Bg3 Nxb2 27. Rxc6 bxc6 28. Qc2 Nc4 29. Nf4 Rh6 30. Nxe6 Bxa3 31. Rb1 Bb4 32. Nc7+ 1-0

[Event "Chinese Chess League Men 2019"]
[Site "Daqing"]
[Date "2019.06.21"]
[Round "3.10"]
[White "Xu, Minghui"]
[Black "Li, Yankai"]
[Result "1/2-1/2"]
[ECO "A18"]
[WhiteElo "2368"]
[BlackElo "2432"]
[Annotator "NA RC"]
[PlyCount "60"]
[EventDate "2019.06.19"]
[EventType "team-tourn"]
[EventCountry "CHN"]
[SourceTitle "playchess.com"]
[Source "ChessBase"]
[SourceQuality "1"]
[TimeControl "5400+30"]

1. c4 Nf6 2. Nc3 e6 3. e4 d5 4. e5 d4 5. exf6 dxc3 6. bxc3 Qxf6 7. d4 e5 8. Nf3 Nc6 9. Bg5 Qg6 10. d5 Nb8 11. h4 h6 12. Qe2 hxg5 13. Nxe5 Qh5 14. g4 Bxg4 15. Nxg4+ Kd8 16. Ne5 Qxe2+ 17. Kxe2 Rxh4 18. Rxh4 gxh4 19. Bh3 Bd6 20. Nxf7+ Ke7 21. Nxd6 cxd6 22. Rg1 Kf6 23. Rg4 Nd7 24. Rxh4 Re8+ 25. Kd1 Nc5 26. Rf4+ Ke7 27. Rg4 Kf6 28. Rf4+ Ke7 29. Rg4 Kf6 30. Rf4+ Ke5 1/2-1/2

[Event "Chinese Chess League Men 2019"]
[Site "Daqing"]
[Date "2019.06.21"]
[Round "3.11"]
[White "Chu, Wei Chao"]
[Black "Lan, Zilun"]
[Result "1-0"]
[ECO "E04"]
[WhiteElo "2374"]
[BlackElo "2352"]
[Annotator "NA RC"]
[PlyCount "40"]
[EventDate "2019.06.19"]
[EventType "team-tourn"]
[EventCountry "CHN"]
[SourceTitle "playchess.com"]
[Source "ChessBase"]
[SourceQuality "1"]
[TimeControl "5400+30"]

1. d4 Nf6 2. g3 e6 3. Bg2 d5 4. Nf3 c5 5. O-O Nc6 6. c4 dxc4 7. Ne5 Bd7 8. Na3 cxd4 9. Naxc4 Nxe5 10. Nxe5 Qb6 11. Bf4 Be7 12. Nxd7 Nxd7 13. Qa4 Bd6 14. Bxb7 Qxb7 15. Bxd6 Qd5 16. Ba3 f6 17. Qb4 Kf7 18. e4 dxe3 19. Rad1 exf2+ 20. Kxf2 Qc6 1-0

[Event "Chinese Chess League Men 2019"]
[Site "Daqing"]
[Date "2019.06.22"]
[Round "4.3"]
[White "Xiu, Deshun"]
[Black "Liu, Guanchu"]
[Result "1/2-1/2"]
[ECO "E32"]
[WhiteElo "2538"]
[BlackElo "2462"]
[Annotator "ChessBase"]
[PlyCount "71"]
[EventDate "2019.06.19"]
[EventType "team-tourn"]
[EventCountry "CHN"]
[SourceTitle "playchess.com"]
[Source "ChessBase"]
[SourceQuality "1"]
[TimeControl "5400+30"]

1. d4 e6 2. c4 Nf6 3. Nc3 Bb4 4. Qc2 O-O 5. e4 d5 6. e5 Ne4 7. Bd3 c5 8. Nf3 cxd4 9. Nxd4 Nd7 10. Bf4 Qh4 11. g3 Qh5 12. cxd5 exd5 13. f3 Bxc3+ 14. bxc3 Nec5 15. g4 Nxd3+ 16. Qxd3 Nc5 17. Qe3 Qg6 18. O-O Bd7 19. Rad1 Rac8 20. Bg3 Na4 21. Rc1 Rc4 22. h3 Qb6 23. Bf2 Rfc8 24. Ne2 Qxe3 25. Bxe3 Nxc3 26. Nxc3 Rxc3 27. Rxc3 Rxc3 28. Bxa7 Ra3 29. Bd4 Rxa2 30. Ra1 Rxa1+ 31. Bxa1 h5 32. Kf2 Kh7 33. Kg3 Kg6 34. f4 hxg4 35. hxg4 f5 36. exf6 1/2-1/2

[Event "Chinese Chess League Men 2019"]
[Site "Daqing"]
[Date "2019.06.22"]
[Round "4.4"]
[White "Zhao, Yuanhe"]
[Black "Yuan, Qingyu"]
[Result "1/2-1/2"]
[ECO "E20"]
[WhiteElo "2444"]
[BlackElo "2355"]
[Annotator "NA"]
[PlyCount "75"]
[EventDate "2019.06.19"]
[EventType "team-tourn"]
[EventCountry "CHN"]
[SourceTitle "playchess.com"]
[Source "ChessBase"]
[SourceQuality "1"]
[TimeControl "5400+30"]

1. Nf3 d5 2. d4 Nf6 3. c4 e6 4. Nc3 Bb4 5. g3 O-O 6. Bg2 dxc4 7. O-O Nc6 8. Bg5 h6 9. Bxf6 Qxf6 10. e3 Rb8 11. Nd2 Na5 12. Qc2 Bd7 13. a3 Bxc3 14. Qxc3 b6 15. Nxc4 Bb5 16. Ne5 Bxf1 17. Rxf1 c5 18. Nd7 Qe7 19. Nxf8 Qxf8 20. d5 exd5 21. Bxd5 Nb7 22. Rd1 Rd8 23. e4 Rd7 24. Rd3 Nd8 25. Qc4 Kh8 26. Rf3 Qe7 27. Kg2 Rc7 28. h4 Ne6 29. a4 Qe8 30. Rd3 Qe7 31. a5 Rd7 32. axb6 axb6 33. Rb3 Qd6 34. Bxe6 fxe6 35. Qb5 Qd4 36. Rf3 Kh7 37. Qc6 Rd6 38. Qb5 1/2-1/2

[Event "Chinese Chess League Men 2019"]
[Site "Daqing"]
[Date "2019.06.22"]
[Round "4.6"]
[White "Li, Yankai"]
[Black "Wen, Yang"]
[Result "1-0"]
[ECO "E04"]
[WhiteElo "2432"]
[BlackElo "2588"]
[Annotator "ChessBase"]
[PlyCount "85"]
[EventDate "2019.06.19"]
[EventType "team-tourn"]
[EventCountry "CHN"]
[SourceTitle "playchess.com"]
[Source "ChessBase"]
[SourceQuality "1"]
[TimeControl "5400+30"]

1. d4 Nf6 2. c4 e6 3. g3 d5 4. Bg2 dxc4 5. Nf3 Nc6 6. Qa4 Bb4+ 7. Bd2 Nd5 8. Bxb4 Ndxb4 9. O-O Rb8 10. Na3 O-O 11. Qb5 b6 12. Qxc4 Ba6 13. Nb5 Qe8 14. Rfc1 Nd5 15. Qxc6 Qxc6 16. Rxc6 Bxb5 17. Rc2 Rfc8 18. Rac1 c5 19. dxc5 Nb4 20. Rd2 Nxa2 21. Ra1 Nb4 22. cxb6 axb6 23. h4 Kf8 24. g4 Nc6 25. e3 Na5 26. Nd4 Bd7 27. b4 Nc4 28. Rdd1 Rc7 29. Rdc1 Rbc8 30. g5 e5 31. Ne2 Be6 32. Rc3 Nb2 33. Rxc7 Rxc7 34. Ra8+ Ke7 35. Rb8 Na4 36. Ng3 Rc4 37. b5 Rxh4 38. Bc6 Rg4 39. Kh2 Rh4+ 40. Kg2 Rg4 41. Kf3 Rb4 42. Ne4 f5 43. Re8+ 1-0

[Event "Chinese Chess League Men 2019"]
[Site "Daqing"]
[Date "2019.06.22"]
[Round "4.7"]
[White "Liu, Qingnan"]
[Black "Chu, Wei Chao"]
[Result "0-1"]
[ECO "B20"]
[WhiteElo "2551"]
[BlackElo "2374"]
[Annotator "ChessBase"]
[PlyCount "108"]
[EventDate "2019.06.19"]
[EventType "team-tourn"]
[EventCountry "CHN"]
[SourceTitle "playchess.com"]
[Source "ChessBase"]
[SourceQuality "1"]
[TimeControl "5400+30"]

1. e4 c5 2. Ne2 d6 3. g3 Nc6 4. Bg2 g6 5. c3 Bg7 6. d4 Nf6 7. Na3 cxd4 8. cxd4 Bg4 9. f3 Bd7 10. Be3 O-O 11. Qd2 Qa5 12. Qxa5 Nxa5 13. Kd2 Rfc8 14. Rhc1 d5 15. Bg5 e6 16. Rxc8+ Rxc8 17. e5 Ne8 18. Rc1 Rxc1 19. Kxc1 Bf8 20. Nc2 Nc6 21. Nc3 Nc7 22. Bf1 h6 23. Be3 h5 24. Ne1 Be7 25. Bd3 Kg7 26. f4 Nb4 27. Be2 Kf8 28. b3 Nc6 29. Kb2 b6 30. h3 Bc8 31. a3 Ba6 32. Bxa6 Nxa6 33. Nb5 Ke8 34. Nd3 Kd7 35. f5 gxf5 36. h4 f6 37. Nf4 fxe5 38. dxe5 Nc5 39. Nxh5 Nd3+ 40. Kc2 Ndxe5 41. Nf4 a6 42. Nd4 Ng4 43. Nxc6 Nxe3+ 44. Kd3 Kxc6 45. Kxe3 e5 46. Ne6 d4+ 47. Kd3 Kd6 48. Ng7 e4+ 49. Ke2 Ke5 50. b4 Bf8 51. Ne8 d3+ 52. Kd2 Kd4 53. Nc7 e3+ 54. Ke1 Bd6 0-1

[Event "Chinese Chess League Men 2019"]
[Site "Daqing"]
[Date "2019.06.22"]
[Round "4.8"]
[White "Zhao, Zhouqiao CHN"]
[Black "Huang, Renjie"]
[Result "1/2-1/2"]
[ECO "A06"]
[WhiteElo "2215"]
[BlackElo "2327"]
[Annotator "NA"]
[PlyCount "87"]
[EventDate "2019.06.19"]
[EventType "team-tourn"]
[EventCountry "CHN"]
[SourceTitle "playchess.com"]
[Source "ChessBase"]
[SourceQuality "1"]
[TimeControl "5400+30"]

1. d4 d5 2. c4 c6 3. Nf3 Nf6 4. e3 e6 5. b3 Nbd7 6. Bd3 Bd6 7. Bb2 O-O 8. O-O Re8 9. Ne5 c5 10. Nd2 cxd4 11. exd4 dxc4 12. Ndxc4 Nb6 13. Nxd6 Qxd6 14. Qf3 Qd5 15. Qxd5 Nbxd5 16. Rfc1 a6 17. Nc4 Rd8 18. Nd2 Bd7 19. Ne4 Nxe4 20. Bxe4 Bc6 21. Bxd5 Rxd5 22. f3 Rad8 23. Rc2 g5 24. Rac1 Kg7 25. Rc5 Kf6 26. Kf2 h5 27. Ke3 g4 28. Rxd5 Bxd5 29. Ba3 gxf3 30. gxf3 Rg8 31. Kf2 h4 32. Rg1 Rxg1 33. Kxg1 Bxf3 34. Kf2 Be4 35. Bd6 Bb1 36. a3 Bc2 37. b4 Kf5 38. Ke3 f6 39. Bc7 e5 40. dxe5 fxe5 41. Bd8 h3 42. Bc7 Ke6 43. b5 axb5 44. Ba5 1/2-1/2

[Event "Chinese Chess League Men 2019"]
[Site "Daqing"]
[Date "2019.06.22"]
[Round "4.10"]
[White "Xu, Yi"]
[Black "Xiang, Zeyu"]
[Result "1/2-1/2"]
[ECO "C54"]
[WhiteElo "2526"]
[BlackElo "2432"]
[Annotator "ChessBase"]
[PlyCount "60"]
[EventDate "2019.06.19"]
[EventType "team-tourn"]
[EventCountry "CHN"]
[SourceTitle "playchess.com"]
[Source "ChessBase"]
[SourceQuality "1"]
[TimeControl "5400+30"]

1. e4 e5 2. Nf3 Nc6 3. Bc4 Bc5 4. O-O Nf6 5. d3 d6 6. c3 a6 7. Nbd2 O-O 8. Bb3 Ba7 9. h3 h6 10. Re1 Nh5 11. Nf1 Qf6 12. Be3 Bxe3 13. Nxe3 Nf4 14. Nd5 Nxd5 15. exd5 Ne7 16. d4 Ng6 17. dxe5 dxe5 18. Bc2 Bf5 19. Bxf5 Qxf5 20. Qb1 Qxb1 21. Raxb1 f6 22. c4 Rfd8 23. g3 c6 24. dxc6 bxc6 25. Rbd1 Kf7 26. Kf1 Nf8 27. Nd2 Rd4 28. Nf3 Rdd8 29. Nd2 Rd4 30. Nf3 Rdd8 1/2-1/2

[Event "Chinese Chess League Men 2019"]
[Site "Daqing"]
[Date "2019.06.22"]
[Round "4.11"]
[White "Zou, Chen"]
[Black "Lou, Yiping"]
[Result "1-0"]
[ECO "B35"]
[WhiteElo "2415"]
[BlackElo "2482"]
[Annotator "ChessBase"]
[PlyCount "67"]
[EventDate "2019.06.19"]
[EventType "team-tourn"]
[EventCountry "CHN"]
[SourceTitle "playchess.com"]
[Source "ChessBase"]
[SourceQuality "1"]
[TimeControl "5400+30"]

1. e4 c5 2. Nf3 Nc6 3. d4 cxd4 4. Nxd4 g6 5. Nc3 Bg7 6. Be3 Nf6 7. Bc4 O-O 8. Bb3 Re8 9. O-O d6 10. h3 Na5 11. Qd2 b6 12. Bh6 Nxb3 13. axb3 Bh8 14. f4 Bb7 15. e5 Nh5 16. e6 Ng3 17. exf7+ Kxf7 18. Ne6 Qc8 19. Rfe1 Nf5 20. Ra4 Bxc3 21. bxc3 b5 22. g4 Nxh6 23. f5 Ng8 24. fxg6+ hxg6 25. Rf4+ Nf6 26. g5 Qc6 27. Kh2 Bc8 28. Qe3 Bb7 29. Qd2 Bc8 30. Qe3 Bb7 31. Qg3 Bc8 32. Qh4 Kg8 33. Qh6 Bxe6 34. gxf6 1-0

[Event "Chinese Chess League Men 2019"]
[Site "Daqing"]
[Date "2019.06.22"]
[Round "4.12"]
[White "Xu, Yining"]
[Black "Lin, Yi"]
[Result "1/2-1/2"]
[ECO "C43"]
[WhiteElo "2359"]
[BlackElo "2396"]
[Annotator "NA"]
[PlyCount "59"]
[EventDate "2019.06.19"]
[EventType "team-tourn"]
[EventCountry "CHN"]
[SourceTitle "playchess.com"]
[Source "ChessBase"]
[SourceQuality "1"]
[TimeControl "5400+30"]

1. e4 e5 2. Nf3 Nf6 3. d4 Nxe4 4. Bd3 d5 5. Nxe5 Nd7 6. Nxd7 Bxd7 7. O-O Bd6 8. Qh5 Qf6 9. Nc3 Qxd4 10. Be3 Qe5 11. Qxe5+ Bxe5 12. Nxd5 Nf6 13. Rae1 Nxd5 14. Bd4 f6 15. Bxe5 O-O-O 16. Bg3 Nb4 17. Bc4 Rhe8 18. c3 Nc6 19. Bd3 h6 20. f3 Rxe1 21. Rxe1 Re8 22. Rxe8+ Bxe8 23. Kf2 Ne7 24. Bf4 Bf7 25. b3 Kd7 26. Ke2 Nd5 27. Bd2 Ne7 28. Bf4 Nd5 29. Bd2 Ne7 30. Bf4 1/2-1/2

[Event "Chinese Chess League Men 2019"]
[Site "Daqing"]
[Date "2019.06.23"]
[Round "5.3"]
[White "Chu, Wei Chao"]
[Black "Xiu, Deshun"]
[Result "1-0"]
[ECO "E05"]
[WhiteElo "2374"]
[BlackElo "2538"]
[Annotator "ChessBase"]
[PlyCount "111"]
[EventDate "2019.06.19"]
[EventType "team-tourn"]
[EventCountry "CHN"]
[SourceTitle "playchess.com"]
[Source "ChessBase"]
[SourceQuality "1"]
[TimeControl "5400+30"]

1. d4 Nf6 2. c4 e6 3. g3 d5 4. Bg2 Be7 5. Nf3 O-O 6. O-O dxc4 7. Qc2 a6 8. a4 Bd7 9. Qxc4 Bc6 10. Bg5 Nbd7 11. Nc3 h6 12. Bxf6 Nxf6 13. b4 Bd5 14. Nxd5 exd5 15. Qb3 c6 16. Rfc1 Ne4 17. Ne5 Bf6 18. e3 Nd6 19. Nd3 Qe7 20. Qc2 Rfe8 21. Re1 Rac8 22. Nc5 g6 23. Rad1 Ra8 24. h4 h5 25. Bf3 Kg7 26. Kg2 Rad8 27. Nd3 Kg8 28. Nf4 Bg7 29. Qb3 b5 30. Nd3 Nc4 31. Nc5 bxa4 32. Qxa4 Nb2 33. Qxc6 Rd6 34. Qb7 Qf8 35. Nxa6 Nxd1 36. Rxd1 Re7 37. Qb5 Qd8 38. Nc5 Ra7 39. Qd3 Rb6 40. b5 Bf8 41. Rb1 Ra5 42. Qb3 Bxc5 43. dxc5 Rbxb5 44. Qxb5 Rxb5 45. Rxb5 Qd7 46. Rb6 Kg7 47. Rd6 Qb5 48. Rxd5 Qc4 49. Re5 Qc3 50. Rg5 Kh6 51. c6 Kg7 52. Rb5 Qc4 53. Rb7 Kh6 54. Rd7 Qe6 55. Bd5 Qe8 56. Rxf7 1-0